Stars vs Devils

Created - June 10, 2022 at 23:36

Goals
1 2 3 T
Stars 1 0 1 2
Devils 1 2 2 5
Shots
1 2 3 T
Stars 13 8 6 27
Devils 11 5 12 28

1st period

1. Stars , Evgeny Kuznetsov 7 (Jonathan Drouin 26, Ian White 28) at 10:29
2. Devils , Jonathan Huberdeau 26 (Aleksander Barkov 31, Marek Svatos 17) at 14:54

Penalties :
No Penalty

2nd period

3. Devils , Anton Stralman 7 (Marian Gaborik 37, Nazem Kadri 45) at 1:31
4. Devils , Marian Gaborik 17 (Mark Fistric 14, Nazem Kadri 46) at 10:00

Penalties :
Guillaume Latendresse (Dal) for Holding (Minor) at 3:41, Michael Del Zotto (N.J) for Boarding (Double Minor) at 5:02

3rd period

5. Devils , Jamie Arniel 19 (Zach Parise 22) at 0:10
6. Stars , Cam Atkinson 12 (Cory Emmerton 17, Boris Valabik 23) at 1:09
7. Devils , Brian McGrattan 20 (Jamie Arniel 30) at 1:17

Penalties :
Boris Valabik (Dal) for Holding Stick (Minor) at 3:06, Boris Valabik (Dal) for Interference (Minor) at 14:57, Eric Tangradi (N.J) for High sticking (Minor) at 17:41

Goalie Stats

Braden Holtby (Dal), 13 saves from 17 shots - (0.765), L, 8-8-0, 40:10 minutes
Matt Murray (Dal), 10 saves from 11 shots - (0.909), 19:50 minutes
Maxime Daigneault (N.J), 25 saves from 27 shots - (0.926), W, 33-18-6, 60:00 minutes

Players Stats for Stars

Player Name              G  A  P  +/- PIM S  H  SB GA TA FO     MP     PP MP  PK MP  
------------------------------------------------------------------------------------
Alex Chiasson            0  0  0  -2  0   0  0  0  2  0  0/0    14:08   2:27   0:00 
Andrej Sustr             0  0  0   1  0   0  0  1  0  0  0/0    20:08   3:06   2:38 
Andrew Ladd              0  0  0  -2  0   1  0  0  0  0  1/3    16:41   2:12   2:20 
Boris Valabik            0  1  1   1  4   3  1  0  0  1  0/0    17:43   3:06   0:48 
Brian Lee                0  0  0  -3  0   1  0  2  0  1  0/0    25:49   2:14   2:53 
Cam Atkinson             1  0  1   0  0   2  0  0  0  0  0/1    10:21   0:26   0:00 
Cory Emmerton            0  1  1   0  0   2  0  1  0  1  3/5    12:17   0:43   1:34 
Evgeny Grachev           0  0  0  -2  0   3  1  0  0  0  7/15   15:39   2:18   1:16 
Evgeny Kuznetsov         1  0  1   1  0   2  0  0  2  0  1/2     9:44   0:00   0:00 
Guillaume Latendresse    0  0  0  -2  2   1  2  0  0  0  1/1    21:47   2:25   2:01 
Ian White                0  1  1  -3  0   1  3  1  1  1  0/0    25:03   2:14   2:41 
John Tavares             0  0  0  -2  0   4  1  0  0  0  10/25  21:53   2:19   2:02 
Jonathan Drouin          0  1  1   1  0   2  5  0  1  0  0/0    12:03   0:43   1:25 
Michael Grabner          0  0  0  -2  0   4  2  0  0  0  0/1    19:49   2:27   0:00 
Paul Ladue               0  0  0  -1  0   0  2  0  1  1  0/0    16:37   0:00   1:38 
Scott Kosmachuck         0  0  0   1  0   1  0  0  1  0  0/0     9:44   0:00   0:00 
Tobias Rieder            0  0  0   0  0   0  0  0  0  1  0/0     9:45   0:00   0:00 
Tyson Barrie             0  0  0  -1  0   0  0  0  0  0  0/0    14:49   0:00   0:00 

Players Stats for Devils

Player Name              G  A  P  +/- PIM S  H  SB GA TA FO     MP     PP MP  PK MP  
------------------------------------------------------------------------------------
Aleksander Barkov        0  1  1   1  0   1  0  0  0  0  1/2    14:15   2:20   0:07 
Anton Lander             0  0  0   0  0   1  1  0  0  2  1/2     8:19   0:07   1:31 
Anton Stralman           1  0  1   0  0   1  2  0  1  0  0/0    22:39   1:48   2:45 
Brian McGrattan          1  0  1   2  0   5  2  0  0  0  1/2    14:30   0:27   1:31 
Chris Stewart            0  0  0   0  0   1  1  0  0  0  0/0     6:41   0:00   0:00 
Eric Tangradi            0  0  0   0  2   1  0  0  1  0  0/0     7:35   0:07   0:45 
Jamie Arniel             1  1  2   2  0   2  1  2  0  0  13/21  15:24   0:20   2:32 
Jonathan Huberdeau       1  0  1   1  0   5  1  0  2  1  0/0    14:37   2:20   0:28 
Kristopher Letang        0  0  0   0  0   2  0  1  0  1  0/0    22:50   2:10   1:16 
Marek Svatos             0  1  1   1  0   1  1  0  0  0  1/1    14:08   2:20   0:00 
Marian Gaborik           1  1  2   0  0   2  2  0  0  1  2/2    20:11   2:32   0:00 
Mark Fistric             0  1  1   1  0   0  2  0  0  1  0/0    20:12   1:14   2:29 
Matt Donovan             0  0  0   2  0   0  1  3  0  0  0/0    16:47   0:07   2:56 
Michael Del Zotto        0  0  0   1  4   1  2  1  0  0  0/0    20:48   2:48   0:45 
Nazem Kadri              0  2  2   0  0   2  0  0  0  0  9/20   20:53   2:32   0:04 
Thomas Hickey            0  0  0   2  0   2  1  1  1  2  0/0    16:45   2:30   0:29 
Tyler Ennis              0  0  0   0  0   0  3  0  0  0  1/2    22:02   2:32   1:10 
Zach Parise              0  1  1   2  0   1  0  1  1  0  1/1    15:24   0:20   2:32 

3 Stars

1 - Jamie Arniel (N.J)
2 - Brian McGrattan (N.J)
3 - Marian Gaborik (N.J)

Power Play

Stars - 0 on 3 Attempt(s) - 0.00%
Devils - 0 on 3 Attempt(s) - 0.00%

Penalty Kill

Stars - 3 on 3 Attempt(s) - 100.00% - Score 0 goal in Penalty Kill
Devils - 3 on 3 Attempt(s) - 100.00% - Score 0 goal in Penalty Kill

Team Stat

Stars - Hits : 17 - Faceoff Wins : 23 - Blocked Shots : 5 - Penalty Minutes : 6
Devils - Hits : 20 - Faceoff Wins : 30 - Blocked Shots : 9 - Penalty Minutes : 6

Official

Referees : Trevor Hanson and Corey Syvret
Linesman : Brandon Gawryletz and Ryan Daisy

Game Notes

Matt Murray enters game at 0:10 of 3rd period

Finance

Level 1 -- Attendance: 5485 (91.42%) -- Ticket Income $548,500
Level 2 -- Attendance: 4573 (91.46%) -- Ticket Income $274,380
Level 3 -- Attendance: 1849 (92.45%) -- Ticket Income $64,715
Level 4 -- Attendance: 4000 (100.00%) -- Ticket Income $100,000
Luxury Box -- Attendance: 1000 (100.00%) -- Ticket Income $200,000
Game was played at the Prudential Center.
Total Attendance: 16907 (93.93%)
Total Ticket Income: $1,187,595
Other Income: $178,139
Total Income: $1,365,734

Stars

5 vs 5 Forward 
   Center                   Left Wing                Right Wing               Time % Phy DF OF 
 1 John Tavares             Guillaume Latendresse    Michael Grabner          40     1   2  2  
 2 Evgeny Grachev           Andrew Ladd              Alex Chiasson            30     1   2  2  
 3 Cory Emmerton            Tobias Rieder            Cam Atkinson             20     1   2  2  
 4 Evgeny Kuznetsov         Jonathan Drouin          Scott Kosmachuck         10     1   2  2  

5 vs 5 Defense 
   Defense                  Defense                                           Time % Phy DF OF 
 1 Ian White                Brian Lee                                         40     1   2  2  
 2 Boris Valabik            Andrej Sustr                                      30     1   2  2  
 3 Paul Ladue               Tyson Barrie                                      20     1   2  2  
 4 Ian White                Brian Lee                                         10     1   2  2  

PowerPlay Forward 
   Center                   Left Wing                Right Wing               Time % Phy DF OF 
 1 John Tavares             Guillaume Latendresse    Michael Grabner          60     0   2  3  
 2 Evgeny Grachev           Andrew Ladd              Alex Chiasson            40     0   2  3  

PowerPlay Defense
   Defense                  Defense                                           Time % Phy DF OF 
 1 Ian White                Brian Lee                                         60     0   2  3  
 2 Boris Valabik            Andrej Sustr                                      40     0   2  3  

Penalty Kill 4 Players Forward 
   Center                   Wing                     Time % Phy DF OF 
 1 John Tavares             Guillaume Latendresse    60     0   3  2  
 2 Evgeny Grachev           Andrew Ladd              40     0   3  2  

Penalty Kill 4 Players Defense
   Defense                  Defense                  Time % Phy DF OF 
 1 Ian White                Brian Lee                60     0   3  2  
 2 Boris Valabik            Andrej Sustr             40     0   3  2  

Penalty Kill - 3 Players Forward 
   Forward                                           Time % Phy DF OF 
 1 John Tavares                                      60     0   3  2  
 2 Evgeny Grachev                                    40     0   3  2  

Penalty Kill - 3 Players Defense
   Defense                  Defense                  Time % Phy DF OF 
 1 Ian White                Brian Lee                60     0   3  2  
 2 Boris Valabik            Andrej Sustr             40     0   3  2  

4 vs 4 Forward 
   Center                   Wing                     Time % Phy DF OF 
 1 John Tavares             Guillaume Latendresse    60     0   2  3  
 2 Evgeny Grachev           Andrew Ladd              40     0   2  3  

4 vs 4 Defense
   Defense                  Defense                  Time % Phy DF OF 
 1 Ian White                Brian Lee                60     1   2  2  
 2 Boris Valabik            Andrej Sustr             40     1   2  2  

Last Minutes Offensive
   Center                   Left Wing                Right Wing               Defense                  Defense                  
   John Tavares             Guillaume Latendresse    Michael Grabner          Ian White                Brian Lee                

Last Minutes Defensive
   Center                   Left Wing                Right Wing               Defense                  Defense                  
   John Tavares             Guillaume Latendresse    Michael Grabner          Ian White                Brian Lee                

Goaltenders
Starting : Braden Holtby            
Backup : Matt Murray              

Extra Forwards
Normal : Andrew Ladd, Evgeny Grachev, Cam Atkinson - PP : Andrew Ladd, Evgeny Grachev - PK : Andrew Ladd
Extra Defensemen
Normal : Andrej Sustr, Paul Ladue, Tyson Barrie - PP : Andrej Sustr - PK : Andrej Sustr, Paul Ladue
Penalty Shots
John Tavares, Guillaume Latendresse, Michael Grabner, Alex Chiasson, Andrew Ladd

Scratches
Danny Richmond (Healthy), Tyler Brenner (Healthy)

Devils

5 vs 5 Forward 
   Center                   Left Wing                Right Wing               Time % Phy DF OF 
 1 Nazem Kadri              Tyler Ennis              Marian Gaborik           34     0   2  3  
 2 Jamie Arniel             Zach Parise              Brian McGrattan          30     0   3  2  
 3 Aleksander Barkov        Jonathan Huberdeau       Marek Svatos             26     0   2  3  
 4 Anton Lander             Eric Tangradi            Chris Stewart            10     0   2  3  

5 vs 5 Defense 
   Defense                  Defense                                           Time % Phy DF OF 
 1 Anton Stralman           Kristopher Letang                                 38     0   3  2  
 2 Michael Del Zotto        Mark Fistric                                      34     0   3  2  
 3 Matt Donovan             Thomas Hickey                                     28     0   3  2  
 4 Anton Stralman           Kristopher Letang                                 0      0   3  2  

PowerPlay Forward 
   Center                   Left Wing                Right Wing               Time % Phy DF OF 
 1 Nazem Kadri              Tyler Ennis              Marian Gaborik           60     0   1  4  
 2 Aleksander Barkov        Jonathan Huberdeau       Marek Svatos             40     0   1  4  

PowerPlay Defense
   Defense                  Defense                                           Time % Phy DF OF 
 1 Michael Del Zotto        Kristopher Letang                                 60     0   2  3  
 2 Anton Stralman           Thomas Hickey                                     40     0   2  3  

Penalty Kill 4 Players Forward 
   Center                   Wing                     Time % Phy DF OF 
 1 Jamie Arniel             Zach Parise              60     1   4  0  
 2 Anton Lander             Brian McGrattan          40     1   4  0  

Penalty Kill 4 Players Defense
   Defense                  Defense                  Time % Phy DF OF 
 1 Anton Stralman           Matt Donovan             60     1   4  0  
 2 Mark Fistric             Michael Del Zotto        40     1   4  0  

Penalty Kill - 3 Players Forward 
   Forward                                           Time % Phy DF OF 
 1 Tyler Ennis                                       60     0   4  1  
 2 Jamie Arniel                                      40     0   4  1  

Penalty Kill - 3 Players Defense
   Defense                  Defense                  Time % Phy DF OF 
 1 Anton Stralman           Kristopher Letang        60     1   4  0  
 2 Michael Del Zotto        Mark Fistric             40     1   4  0  

4 vs 4 Forward 
   Center                   Wing                     Time % Phy DF OF 
 1 Nazem Kadri              Tyler Ennis              60     0   2  3  
 2 Jamie Arniel             Zach Parise              40     0   2  3  

4 vs 4 Defense
   Defense                  Defense                  Time % Phy DF OF 
 1 Anton Stralman           Kristopher Letang        60     0   3  2  
 2 Michael Del Zotto        Mark Fistric             40     0   3  2  

Last Minutes Offensive
   Center                   Left Wing                Right Wing               Defense                  Defense                  
   Nazem Kadri              Tyler Ennis              Marian Gaborik           Michael Del Zotto        Kristopher Letang        

Last Minutes Defensive
   Center                   Left Wing                Right Wing               Defense                  Defense                  
   Jamie Arniel             Zach Parise              Brian McGrattan          Anton Stralman           Kristopher Letang        

Goaltenders
Starting : Maxime Daigneault        
Backup : Thomas McCollum          

Extra Forwards
Normal : Jonathan Huberdeau, Zach Parise, Aleksander Barkov - PP : Zach Parise, Jamie Arniel - PK : Tyler Ennis
Extra Defensemen
Normal : Kristopher Letang, Matt Donovan, Mark Fistric - PP : Anton Stralman - PK : Kristopher Letang, Matt Donovan
Penalty Shots
Nazem Kadri, Tyler Ennis, Marian Gaborik, Aleksander Barkov, Jamie Arniel

Scratches
Miikka Salomaki (Healthy), Mike Weber (Healthy)

% Time on Ice - Stars

Lines # - Real PCT - Wanted PCT - Time Play
Normal Forward
1 - 36% - 40% - 17:33
2 - 24% - 30% - 11:41
3 - 20% - 20% - 9:45
4 - 20% - 10% - 9:44
Normal Defense
1 - 36% - 40% - 17:23
2 - 29% - 30% - 14:14
3 - 30% - 20% - 14:49
4 - 5% - 10% - 2:17
PP Forward
1 - 56% - 60% - 2:58
2 - 44% - 40% - 2:22
PP Defense
1 - 42% - 60% - 2:14
2 - 58% - 40% - 3:06
PK Forward
1 - 73% - 60% - 3:53
2 - 27% - 40% - 1:26
PK Defense
1 - 50% - 60% - 2:41
2 - 50% - 40% - 2:38
PK3 Forward
1 - 0% - 60%
2 - 0% - 40%
PK3 Defense
1 - 0% - 60%
2 - 0% - 40%
44 Forward
1 - 100% - 60% - 0:38
2 - 0% - 40% - 0:00
44 Defense
1 - 74% - 60% - 0:28
2 - 26% - 40% - 0:10
Last Minute Offensive  - 0:00
Last Minute Defensive  - 0:00
Total
Forward - 60:00
Defense - 60:00

% Time on Ice - Devils

Lines # - Real PCT - Wanted PCT - Time Play
Normal Forward
1 - 36% - 34% - 17:42
2 - 26% - 30% - 12:32
3 - 24% - 26% - 11:48
4 - 14% - 10% - 6:41
Normal Defense
1 - 39% - 38% - 18:46
2 - 33% - 34% - 16:13
3 - 28% - 28% - 13:44
4 - 0% - 0% - 0:00
PP Forward
1 - 56% - 60% - 2:59
2 - 44% - 40% - 2:20
PP Defense
1 - 53% - 60% - 2:49
2 - 47% - 40% - 2:30
PK Forward
1 - 72% - 60% - 3:49
2 - 28% - 40% - 1:31
PK Defense
1 - 38% - 60% - 2:02
2 - 62% - 40% - 3:18
PK3 Forward
1 - 0% - 60%
2 - 0% - 40%
PK3 Defense
1 - 0% - 60%
2 - 0% - 40%
44 Forward
1 - 100% - 60% - 0:38
2 - 0% - 40% - 0:00
44 Defense
1 - 100% - 60% - 0:38
2 - 0% - 40% - 0:00
Last Minute Offensive  - 0:00
Last Minute Defensive  - 0:00
Total
Forward - 60:00
Defense - 60:00

Play-by-Play

1st period


0:01 of 1st period - Guillaume Latendresse wins face-off versus Nazem Kadri in neutral zone.
0:30 of 1st period - Evgeny Grachev is hit by Brian McGrattan and loses puck.
0:37 of 1st period - Wrist shot by Jamie Arniel.
0:37 of 1st period - Deflect By Brian McGrattan.
0:37 of 1st period - Stopped by Braden Holtby with a rebound.
1:28 of 1st period - Mark Fistric is hit by Jonathan Drouin and loses puck.
1:47 of 1st period - Slapshot by Evgeny Grachev.
1:47 of 1st period - Stopped by Maxime Daigneault with a rebound.
1:57 of 1st period - Paul Ladue is hit by Mark Fistric and loses puck.
2:12 of 1st period - Wrist shot by Cam Atkinson.
2:12 of 1st period - Shot Misses the Net.
2:38 of 1st period - Snap shot by Chris Stewart.
2:38 of 1st period - Stopped by Braden Holtby without a rebound.
2:39 of 1st period - John Tavares wins face-off versus Nazem Kadri in Stars zone.
2:46 of 1st period - Marian Gaborik is hit by Michael Grabner and loses puck.
2:53 of 1st period - Wrist shot by Nazem Kadri.
2:53 of 1st period - Shot Misses the Net.
3:22 of 1st period - Wrist shot by John Tavares.
3:22 of 1st period - Deflect By Anton Stralman.
3:22 of 1st period - Stopped by Maxime Daigneault with a rebound.
3:42 of 1st period - Wrist shot by Evgeny Grachev.
3:42 of 1st period - Shot Misses the Net.
3:50 of 1st period - Andrew Ladd is hit by Jamie Arniel and loses puck.
4:09 of 1st period - Snap shot by Cory Emmerton.
4:09 of 1st period - Stopped by Maxime Daigneault without a rebound.
4:10 of 1st period - Nazem Kadri wins face-off versus Evgeny Kuznetsov in Devils zone.
4:26 of 1st period - Snap shot by Evgeny Kuznetsov.
4:26 of 1st period - Shot Misses the Net.
4:42 of 1st period - Wrist shot by Andrew Ladd.
4:42 of 1st period - Stopped by Maxime Daigneault with a rebound.
5:06 of 1st period - Slapshot by Aleksander Barkov.
5:06 of 1st period - Deflect By Marek Svatos.
5:06 of 1st period - Stopped by Braden Holtby with a rebound.
5:18 of 1st period - Paul Ladue is hit by Chris Stewart and loses puck.
5:26 of 1st period - Off-side.
5:27 of 1st period - Evgeny Grachev wins face-off versus Nazem Kadri in neutral zone.
7:01 of 1st period - Mark Fistric is hit by Evgeny Grachev and loses puck.
7:30 of 1st period - Snap shot by Jamie Arniel.
7:30 of 1st period - Shot Blocked by Andrej Sustr.
7:44 of 1st period - Snap shot by Jonathan Huberdeau.
7:44 of 1st period - Stopped by Braden Holtby with a rebound.
7:46 of 1st period - Wrist shot by Jonathan Huberdeau.
7:46 of 1st period - Shot Misses the Net.
7:48 of 1st period - Slapshot by Michael Del Zotto.
7:48 of 1st period - Stopped by Braden Holtby without a rebound.
7:49 of 1st period - Evgeny Grachev wins face-off versus Aleksander Barkov in Stars zone.
8:01 of 1st period - Off-side.
8:02 of 1st period - John Tavares wins face-off versus Nazem Kadri in neutral zone.
8:12 of 1st period - Slapshot by Guillaume Latendresse.
8:12 of 1st period - Deflect By Matt Donovan.
8:12 of 1st period - Stopped by Maxime Daigneault without a rebound.
8:13 of 1st period - Jamie Arniel wins face-off versus John Tavares in Devils zone.
8:20 of 1st period - Snap shot by Zach Parise.
8:20 of 1st period - Shot Misses the Net.
8:22 of 1st period - Wrist shot by Zach Parise.
8:22 of 1st period - Shot Misses the Net.
8:24 of 1st period - Slapshot by Kristopher Letang.
8:24 of 1st period - Stopped by Braden Holtby without a rebound.
8:25 of 1st period - Marian Gaborik wins face-off versus John Tavares in Stars zone.
8:38 of 1st period - Snap shot by Michael Grabner.
8:38 of 1st period - Stopped by Maxime Daigneault without a rebound.
8:39 of 1st period - Jamie Arniel wins face-off versus Evgeny Grachev in Devils zone.
9:15 of 1st period - Snap shot by Marian Gaborik.
9:15 of 1st period - Shot Misses the Net.
10:15 of 1st period - Snap shot by Jonathan Drouin.
10:15 of 1st period - Stopped by Maxime Daigneault with a rebound.
10:17 of 1st period - Snap shot by Evgeny Kuznetsov.
10:17 of 1st period - Shot Blocked by Jamie Arniel.
10:19 of 1st period - Slapshot by Boris Valabik.
10:19 of 1st period - Deflect By Jonathan Drouin.
10:19 of 1st period - Shot Blocked by Jamie Arniel.
10:19 of 1st period - Puck is out of play.
10:20 of 1st period - Evgeny Kuznetsov wins face-off versus Nazem Kadri in Devils zone.
10:29 of 1st period - Snap shot by Evgeny Kuznetsov.
10:29 of 1st period - Goal by Evgeny Kuznetsov - Stars : 1 - Devils : 0.
10:30 of 1st period - John Tavares wins face-off versus Nazem Kadri in neutral zone.
10:57 of 1st period - Alex Chiasson is hit by Brian McGrattan and loses puck.
11:47 of 1st period - Snap shot by Eric Tangradi.
11:47 of 1st period - Stopped by Braden Holtby with a rebound.
12:34 of 1st period - Icing by Anton Stralman.
12:35 of 1st period - Jamie Arniel wins face-off versus Cory Emmerton in Devils zone.
13:09 of 1st period - Wrist shot by John Tavares.
13:09 of 1st period - Shot Misses the Net.
13:48 of 1st period - Wrist shot by Anton Lander.
13:48 of 1st period - Shot Misses the Net.
14:10 of 1st period - Snap shot by Tobias Rieder.
14:10 of 1st period - Shot Misses the Net.
14:54 of 1st period - Wrist shot by Jonathan Huberdeau.
14:54 of 1st period - Goal by Jonathan Huberdeau - Stars : 1 - Devils : 1.
14:55 of 1st period - Nazem Kadri wins face-off versus John Tavares in neutral zone.
15:30 of 1st period - Snap shot by Alex Chiasson.
15:30 of 1st period - Shot Blocked by Matt Donovan.
15:44 of 1st period - Boris Valabik is hit by Matt Donovan and loses puck.
16:17 of 1st period - Snap shot by Jonathan Drouin.
16:17 of 1st period - Shot Blocked by Michael Del Zotto.
16:19 of 1st period - Slapshot by Boris Valabik.
16:19 of 1st period - Stopped by Maxime Daigneault without a rebound.
16:20 of 1st period - Marian Gaborik wins face-off versus John Tavares in Devils zone.
16:32 of 1st period - Snap shot by Marian Gaborik.
16:32 of 1st period - Stopped by Braden Holtby without a rebound.
16:33 of 1st period - Nazem Kadri wins face-off versus John Tavares in Stars zone.
16:42 of 1st period - Snap shot by Michael Grabner.
16:42 of 1st period - Shot Misses the Net.
16:44 of 1st period - Snap shot by Michael Grabner.
16:44 of 1st period - Stopped by Maxime Daigneault without a rebound.
16:45 of 1st period - John Tavares wins face-off versus Tyler Ennis in Devils zone.
16:58 of 1st period - Wrist shot by John Tavares.
16:58 of 1st period - Stopped by Maxime Daigneault without a rebound.
16:59 of 1st period - Marek Svatos wins face-off versus John Tavares in Devils zone.
16:59 of 1st period - Marek Svatos is hit by Ian White.
17:11 of 1st period - Wrist shot by John Tavares.
17:11 of 1st period - Shot Misses the Net.
17:13 of 1st period - Snap shot by John Tavares.
17:13 of 1st period - Stopped by Maxime Daigneault without a rebound.
17:14 of 1st period - Jamie Arniel wins face-off versus Evgeny Grachev in Devils zone.
17:27 of 1st period - Wrist shot by Brian McGrattan.
17:27 of 1st period - Deflect By Jamie Arniel.
17:27 of 1st period - Deflect By Brian Lee.
17:27 of 1st period - Stopped by Braden Holtby with a rebound.
17:29 of 1st period - Wrist shot by Brian McGrattan.
17:29 of 1st period - Stopped by Braden Holtby with a rebound.
17:43 of 1st period - Wrist shot by Ian White.
17:43 of 1st period - Stopped by Maxime Daigneault with a rebound.
18:45 of 1st period - Mark Fistric is hit by Paul Ladue and loses puck.
Goals for this period are 1 for Stars vs 1 for Devils.
Shots for this period are 13 for Stars vs 11 for Devils.

2nd period


0:01 of 2nd period - John Tavares wins face-off versus Jamie Arniel in neutral zone.
0:51 of 2nd period - Off-side.
0:52 of 2nd period - John Tavares wins face-off versus Jamie Arniel in neutral zone.
1:17 of 2nd period - Snap shot by Jonathan Huberdeau.
1:17 of 2nd period - Stopped by Braden Holtby without a rebound.
1:18 of 2nd period - Aleksander Barkov wins face-off versus Evgeny Grachev in Stars zone.
1:23 of 2nd period - Wrist shot by Jonathan Huberdeau.
1:23 of 2nd period - Shot Misses the Net.
1:25 of 2nd period - Slapshot by Thomas Hickey.
1:25 of 2nd period - Stopped by Braden Holtby with a rebound.
1:27 of 2nd period - Slapshot by Thomas Hickey.
1:27 of 2nd period - Deflect By Alex Chiasson.
1:27 of 2nd period - Stopped by Braden Holtby without a rebound.
1:28 of 2nd period - Nazem Kadri wins face-off versus Andrew Ladd in Stars zone.
1:29 of 2nd period - Slapshot by Marian Gaborik.
1:29 of 2nd period - Shot Misses the Net.
1:31 of 2nd period - Backhand shot by Anton Stralman.
1:31 of 2nd period - Goal by Anton Stralman - Stars : 1 - Devils : 2.
1:32 of 2nd period - John Tavares wins face-off versus Nazem Kadri in neutral zone.
1:35 of 2nd period - Tyler Ennis is hit by Michael Grabner.
2:26 of 2nd period - Anton Stralman is hit by John Tavares and loses puck.
3:00 of 2nd period - Snap shot by John Tavares.
3:00 of 2nd period - Shot Misses the Net.
3:41 of 2nd period - Minor Penalty to Guillaume Latendresse for Holding.
3:42 of 2nd period - Nazem Kadri wins face-off versus Evgeny Grachev in Stars zone.
5:02 of 2nd period - Double Minor Penalty to Michael Del Zotto for Boarding.
5:03 of 2nd period - Andrew Ladd wins face-off versus Nazem Kadri in Devils zone.
5:08 of 2nd period - Snap shot by Evgeny Grachev.
5:08 of 2nd period - Stopped by Maxime Daigneault with a rebound.
5:10 of 2nd period - Slapshot by Brian Lee.
5:10 of 2nd period - Shot Misses the Net.
5:12 of 2nd period - Slapshot by Brian Lee.
5:12 of 2nd period - Stopped by Maxime Daigneault without a rebound.
5:13 of 2nd period - Tyler Ennis wins face-off versus Andrew Ladd in Devils zone.
5:41 of 2nd period - Penalty to Guillaume Latendresse is over, Guillaume Latendresse is back on ice.
6:48 of 2nd period - Alex Chiasson is hit by Anton Stralman and loses puck.
7:34 of 2nd period - Ian White is hit by Thomas Hickey and loses puck.
7:43 of 2nd period - Icing by Evgeny Grachev.
7:44 of 2nd period - Evgeny Grachev wins face-off versus Jamie Arniel in Stars zone.
9:02 of 2nd period - Penalty to Michael Del Zotto is over, Michael Del Zotto is back on ice.
9:13 of 2nd period - Andrew Ladd is hit by Marek Svatos.
9:23 of 2nd period - Paul Ladue is hit by Tyler Ennis and loses puck.
9:32 of 2nd period - Icing by Marian Gaborik.
9:33 of 2nd period - Nazem Kadri wins face-off versus Cam Atkinson in Devils zone.
9:58 of 2nd period - Slapshot by Nazem Kadri.
9:58 of 2nd period - Shot Blocked by Brian Lee.
10:00 of 2nd period - Slapshot by Mark Fistric.
10:00 of 2nd period - Deflect By Marian Gaborik.
10:00 of 2nd period - Goal by Marian Gaborik - Stars : 1 - Devils : 3.
10:01 of 2nd period - Evgeny Grachev wins face-off versus Jamie Arniel in neutral zone.
10:26 of 2nd period - Brian Lee is hit by Marian Gaborik and loses puck.
10:53 of 2nd period - Wrist shot by Tobias Rieder.
10:53 of 2nd period - Shot Blocked by Thomas Hickey.
10:55 of 2nd period - Slapshot by Paul Ladue.
10:55 of 2nd period - Deflect By Cam Atkinson.
10:55 of 2nd period - Stopped by Maxime Daigneault with a rebound.
10:57 of 2nd period - Slapshot by Cam Atkinson.
10:57 of 2nd period - Shot Blocked by Matt Donovan.
11:15 of 2nd period - Slapshot by Jonathan Drouin.
11:15 of 2nd period - Stopped by Maxime Daigneault with a rebound.
11:49 of 2nd period - Wrist shot by Nazem Kadri.
11:49 of 2nd period - Shot Misses the Net.
12:03 of 2nd period - Icing by Boris Valabik.
12:04 of 2nd period - John Tavares wins face-off versus Brian McGrattan in Stars zone.
12:16 of 2nd period - Snap shot by John Tavares.
12:16 of 2nd period - Stopped by Maxime Daigneault with a rebound.
14:18 of 2nd period - Tobias Rieder is hit by Mark Fistric and loses puck.
14:51 of 2nd period - Snap shot by Marian Gaborik.
14:51 of 2nd period - Shot Misses the Net.
15:17 of 2nd period - Marian Gaborik is hit by Jonathan Drouin and loses puck.
15:58 of 2nd period - Slapshot by Scott Kosmachuck.
15:58 of 2nd period - Stopped by Maxime Daigneault with a rebound.
16:47 of 2nd period - Marian Gaborik is hit by Jonathan Drouin and loses puck.
17:34 of 2nd period - Michael Del Zotto is hit by Jonathan Drouin and loses puck.
18:35 of 2nd period - Wrist shot by Evgeny Kuznetsov.
18:35 of 2nd period - Stopped by Maxime Daigneault without a rebound.
18:36 of 2nd period - Zach Parise wins face-off versus Evgeny Grachev in Devils zone.
18:38 of 2nd period - Icing by Jamie Arniel.
18:39 of 2nd period - Evgeny Grachev wins face-off versus Jamie Arniel in Devils zone.
19:38 of 2nd period - Snap shot by Cory Emmerton.
19:38 of 2nd period - Stopped by Maxime Daigneault with a rebound.
Goals for this period are 0 for Stars vs 2 for Devils.
Shots for this period are 8 for Stars vs 5 for Devils.

3rd period


0:01 of 3rd period - Jamie Arniel wins face-off versus Michael Grabner in neutral zone.
0:10 of 3rd period - Slapshot by Jamie Arniel.
0:10 of 3rd period - Deflect By John Tavares.
0:10 of 3rd period - Goal by Jamie Arniel - Stars : 1 - Devils : 4.
0:10 of 3rd period - Matt Murray enters game.
0:11 of 3rd period - Jamie Arniel wins face-off versus John Tavares in neutral zone.
0:20 of 3rd period - Snap shot by Zach Parise.
0:20 of 3rd period - Stopped by Matt Murray with a rebound.
0:22 of 3rd period - Snap shot by Jamie Arniel.
0:22 of 3rd period - Shot Misses the Net.
0:24 of 3rd period - Wrist shot by Brian McGrattan.
0:24 of 3rd period - Shot Misses the Net.
0:36 of 3rd period - Kristopher Letang is hit by Ian White and loses puck.
0:43 of 3rd period - Slapshot by Andrew Ladd.
0:43 of 3rd period - Shot Misses the Net.
0:45 of 3rd period - Slapshot by Boris Valabik.
0:45 of 3rd period - Shot Misses the Net.
0:47 of 3rd period - Slapshot by Boris Valabik.
0:47 of 3rd period - Shot Misses the Net.
1:09 of 3rd period - Slapshot by Cam Atkinson.
1:09 of 3rd period - Goal by Cam Atkinson - Stars : 2 - Devils : 4.
1:10 of 3rd period - Jamie Arniel wins face-off versus John Tavares in neutral zone.
1:13 of 3rd period - Slapshot by Brian McGrattan.
1:13 of 3rd period - Stopped by Matt Murray without a rebound.
1:14 of 3rd period - Jamie Arniel wins face-off versus John Tavares in Stars zone.
1:17 of 3rd period - Snap shot by Brian McGrattan.
1:17 of 3rd period - Goal by Brian McGrattan - Stars : 2 - Devils : 5.
1:18 of 3rd period - Evgeny Grachev wins face-off versus Jamie Arniel in neutral zone.
1:31 of 3rd period - Wrist shot by Brian McGrattan.
1:31 of 3rd period - Shot Misses the Net.
1:33 of 3rd period - Snap shot by Jamie Arniel.
1:33 of 3rd period - Shot Blocked by Ian White.
1:43 of 3rd period - Jonathan Huberdeau is hit by Guillaume Latendresse and loses puck.
1:48 of 3rd period - Snap shot by Michael Grabner.
1:48 of 3rd period - Stopped by Maxime Daigneault with a rebound.
1:50 of 3rd period - Snap shot by Boris Valabik.
1:50 of 3rd period - Deflect By Jonathan Huberdeau.
1:50 of 3rd period - Stopped by Maxime Daigneault with a rebound.
1:52 of 3rd period - Slapshot by Boris Valabik.
1:52 of 3rd period - Stopped by Maxime Daigneault with a rebound.
1:54 of 3rd period - Wrist shot by Boris Valabik.
1:54 of 3rd period - Shot Blocked by Matt Donovan.
2:25 of 3rd period - Icing by Boris Valabik.
2:26 of 3rd period - Jamie Arniel wins face-off versus Cory Emmerton in Stars zone.
2:41 of 3rd period - Snap shot by Jamie Arniel.
2:41 of 3rd period - Shot Misses the Net.
2:56 of 3rd period - Slapshot by Kristopher Letang.
2:56 of 3rd period - Deflect By Jonathan Huberdeau.
2:56 of 3rd period - Stopped by Matt Murray with a rebound.
2:58 of 3rd period - Snap shot by Aleksander Barkov.
2:58 of 3rd period - Stopped by Matt Murray with a rebound.
3:00 of 3rd period - Snap shot by Marek Svatos.
3:00 of 3rd period - Shot Misses the Net.
3:06 of 3rd period - Minor Penalty to Boris Valabik for Holding Stick.
3:07 of 3rd period - Nazem Kadri wins face-off versus John Tavares in Stars zone.
3:10 of 3rd period - Wrist shot by Nazem Kadri.
3:10 of 3rd period - Stopped by Matt Murray with a rebound.
3:12 of 3rd period - Slapshot by Michael Del Zotto.
3:12 of 3rd period - Shot Blocked by Brian Lee.
5:06 of 3rd period - Penalty to Boris Valabik is over, Boris Valabik is back on ice.
5:09 of 3rd period - Boris Valabik is hit by Marian Gaborik and loses puck.
5:20 of 3rd period - Snap shot by Jonathan Drouin.
5:20 of 3rd period - Shot Blocked by Zach Parise.
5:26 of 3rd period - Andrej Sustr is hit by Michael Del Zotto and loses puck.
5:39 of 3rd period - Slapshot by Anton Lander.
5:39 of 3rd period - Stopped by Matt Murray without a rebound.
5:40 of 3rd period - Anton Lander wins face-off versus Evgeny Grachev in Stars zone.
5:58 of 3rd period - Andrew Ladd is hit by Anton Lander and loses puck.
6:58 of 3rd period - Anton Stralman is hit by Ian White and loses puck.
7:47 of 3rd period - Wrist shot by Jamie Arniel.
7:47 of 3rd period - Deflect By Brian McGrattan.
7:47 of 3rd period - Shot Misses the Net.
7:47 of 3rd period - Puck is out of play.
7:48 of 3rd period - John Tavares wins face-off versus Jamie Arniel in Stars zone.
9:02 of 3rd period - Wrist shot by Jonathan Drouin.
9:02 of 3rd period - Shot Blocked by Kristopher Letang.
9:42 of 3rd period - Snap shot by Evgeny Grachev.
9:42 of 3rd period - Stopped by Maxime Daigneault without a rebound.
9:43 of 3rd period - John Tavares wins face-off versus Nazem Kadri in Devils zone.
9:50 of 3rd period - Snap shot by Tyler Ennis.
9:50 of 3rd period - Deflect By Nazem Kadri.
9:50 of 3rd period - Shot Misses the Net.
9:50 of 3rd period - Puck is out of play.
9:51 of 3rd period - Nazem Kadri wins face-off versus John Tavares in Stars zone.
10:16 of 3rd period - John Tavares is hit by Tyler Ennis.
10:20 of 3rd period - Matt Donovan is hit by Paul Ladue and loses puck.
10:41 of 3rd period - Slapshot by Nazem Kadri.
10:41 of 3rd period - Stopped by Matt Murray with a rebound.
10:57 of 3rd period - Wrist shot by Tyler Ennis.
10:57 of 3rd period - Shot Misses the Net.
11:10 of 3rd period - Wrist shot by Nazem Kadri.
11:10 of 3rd period - Shot Misses the Net.
11:32 of 3rd period - Snap shot by Michael Grabner.
11:32 of 3rd period - Shot Misses the Net.
11:36 of 3rd period - Slapshot by Michael Grabner.
11:36 of 3rd period - Stopped by Maxime Daigneault with a rebound.
11:38 of 3rd period - Snap shot by Michael Grabner.
11:38 of 3rd period - Shot Hit the Post.
11:51 of 3rd period - Icing by Michael Grabner.
11:52 of 3rd period - Jamie Arniel wins face-off versus John Tavares in Stars zone.
11:59 of 3rd period - Snap shot by Brian McGrattan.
11:59 of 3rd period - Shot Misses the Net.
12:01 of 3rd period - Wrist shot by Brian McGrattan.
12:01 of 3rd period - Stopped by Matt Murray without a rebound.
12:02 of 3rd period - Jamie Arniel wins face-off versus Evgeny Grachev in Stars zone.
12:45 of 3rd period - Icing by Ian White.
12:46 of 3rd period - Cory Emmerton wins face-off versus Anton Lander in Stars zone.
12:53 of 3rd period - Slapshot by Ian White.
12:53 of 3rd period - Deflect By Evgeny Grachev.
12:53 of 3rd period - Shot Misses the Net.
12:53 of 3rd period - Puck is out of play.
12:54 of 3rd period - Jamie Arniel wins face-off versus Evgeny Grachev in Devils zone.
13:19 of 3rd period - Cam Atkinson is hit by Anton Stralman and loses puck.
13:24 of 3rd period - Snap shot by Jonathan Huberdeau.
13:24 of 3rd period - Stopped by Matt Murray with a rebound.
14:23 of 3rd period - Tobias Rieder is hit by Jonathan Huberdeau and loses puck.
14:31 of 3rd period - Icing by Cory Emmerton.
14:32 of 3rd period - Cory Emmerton wins face-off versus Nazem Kadri in Stars zone.
14:45 of 3rd period - Slapshot by Alex Chiasson.
14:45 of 3rd period - Deflect By Andrew Ladd.
14:45 of 3rd period - Shot Misses the Net.
14:45 of 3rd period - Puck is out of play.
14:46 of 3rd period - Brian McGrattan wins face-off versus John Tavares in Devils zone.
14:46 of 3rd period - Brian McGrattan is hit by Guillaume Latendresse.
14:54 of 3rd period - Slapshot by Kristopher Letang.
14:54 of 3rd period - Stopped by Matt Murray without a rebound.
14:55 of 3rd period - Evgeny Grachev wins face-off versus Jamie Arniel in Stars zone.
14:57 of 3rd period - Minor Penalty to Boris Valabik for Interference.
14:58 of 3rd period - Nazem Kadri wins face-off versus John Tavares in Stars zone.
15:08 of 3rd period - Snap shot by Marian Gaborik.
15:08 of 3rd period - Shot Misses the Net.
15:22 of 3rd period - Brian Lee is hit by Tyler Ennis and loses puck.
15:58 of 3rd period - Jonathan Huberdeau is hit by Jonathan Drouin and loses puck.
16:53 of 3rd period - Slapshot by Marek Svatos.
16:53 of 3rd period - Deflect By Jonathan Huberdeau.
16:53 of 3rd period - Shot Blocked by Cory Emmerton.
16:53 of 3rd period - Puck is out of play.
16:54 of 3rd period - Cory Emmerton wins face-off versus Nazem Kadri in Stars zone.
16:57 of 3rd period - Penalty to Boris Valabik is over, Boris Valabik is back on ice.
17:05 of 3rd period - Cam Atkinson is hit by Michael Del Zotto and loses puck.
17:41 of 3rd period - Minor Penalty to Eric Tangradi for High sticking.
17:42 of 3rd period - Jamie Arniel wins face-off versus John Tavares in Devils zone.
18:08 of 3rd period - Anton Stralman is hit by Boris Valabik and loses puck.
19:41 of 3rd period - Penalty to Eric Tangradi is over, Eric Tangradi is back on ice.
Goals for this period are 1 for Stars vs 2 for Devils.
Shots for this period are 6 for Stars vs 12 for Devils.